 Dungeon Crawl Stone Soup version 0.25.0-9-g26727b657a (webtiles) character file.

Game seed: 10813421365327383983

2930 eeldvark the Sneak (level 9, -10/51 HPs)
             Began as an Octopode Venom Mage on June 20, 2020.
             Was an Initiate of Sif Muna.
             Collided with a rock wall (11 damage)
             ... caused by Erica
             ... on level 8 of the Dungeon.
             The game lasted 01:11:21 (7721 turns).

eeldvark the Sneak (Octopode Venom Mage)            Turns: 7721, Time: 01:11:22

Health: -10/51     AC:  1    Str:  8    XL:     9   Next: 79%
Magic:  13/22      EV: 16    Int: 19    God:    Sif Muna [......]
Gold:   334        SH:  0    Dex: 13    Spells: 5/14 levels left

rFire    . . .     SeeInvis .   u - +6 quarterstaff "Deaf" {holy, rElec}
rCold    . . .     Gourm    .   (shield currently unavailable)
rNeg     . . .     Faith    .   (helmet restricted)
rPois    .         Spirit   .   (no amulet)
rElec    +         Reflect  .   k - ring of magical power
rCorr    .         Harm     .   (no ring)
MR       .....                  (no ring)
Stlth    +++++.....             (no ring)
HPRegen  0.17/turn              (no ring)
MPRegen  0.18/turn              (no ring)
                                (no ring)
                                (no ring)

@: brilliant
A: almost no armour, stealthy swim, amphibious, 8 rings, constrict 8, camouflage
1, gelatinous body 1
a: Renounce Religion


You were on level 8 of the Dungeon.
You worshipped Sif Muna.
Sif Muna was noncommittal.
You were not hungry.

You visited 2 branches of the dungeon, and saw 9 of its levels.

You collected 334 gold pieces.

Inventory:

Hand Weapons
 g - a +2 dagger of draining
 u - the +6 quarterstaff "Deaf" (weapon) {holy, rElec}
   (You found it on level 6 of the Dungeon)

   It has been blessed by the Shining One to cause great damage to the undead
   and demons.
   It insulates you from electricity.
Missiles
 c - 3 boomerangs (quivered)
Armour
 t - a +0 kite shield
Magical Staves
 j - an uncursed staff of cold
Jewellery
 a - an uncursed ring of protection from magic
 k - a ring of magical power (left tentacle)
 p - an uncursed amulet of faith
 r - an uncursed amulet of the acrobat {unknown}
Wands
 l - a wand of polymorph (6)
 x - a wand of flame (28)
 y - a wand of clouds (5)
Scrolls
 d - 3 scrolls of remove curse
 i - a scroll of enchant armour
 q - a scroll of enchant weapon
 w - a scroll of teleportation
Potions
 e - 2 potions of flight
 h - a potion of curing
 m - 3 potions of might
 n - a potion of haste {unknown}
 o - a potion of magic
 s - 2 potions of ambrosia
 v - a potion of resistance {unknown}
 A - a potion of berserk rage {unknown}
Comestibles
 b - 15 rations


   Skills:
 - Level 1.5 Short Blades
 + Level 3.9 Staves
 + Level 5.5 Dodging
 + Level 7.6 Stealth
 - Level 3.0 Spellcasting
 - Level 4.0 Conjurations
 - Level 4.0 Transmutations
 - Level 4.0 Fire Magic
 - Level 4.0 Air Magic
 + Level 7.0 Poison Magic


You had 5 spell levels left.
You knew the following spells:

 Your Spells              Type           Power        Failure   Level  Hunger
a - Sting                 Tmut/Pois      ####         1%          1    None
b - Poisonous Vapours     Pois/Air       #####.       2%          2    None
c - Ignite Poison         Fire/Tmut/Pois ####....     6%          3    None
d - Mephitic Cloud        Conj/Pois/Air  ####....     6%          3    None

Your spell library contained the following spells:

 Spells                   Type           Power        Failure   Level  Hunger
 Olgreb's Toxic Radiance  Pois           #####...     9%          4    None


Dungeon Overview and Level Annotations

Branches:
Dungeon (8/15)             Temple (1/1) D:7
   Lair: D:8-11

Altars:
Ashenzari
Fedhas
Gozag
Hepliaklqana
Kikubaaqudgha
Makhleb
Nemelex Xobeh
Okawaru
Qazlal
Ru
Sif Muna
Trog
Vehumet
Wu Jian
Xom
Zin

Annotations:
D:2 Sigmund
D:8 Erica


Innate Abilities, Weirdness & Mutations

You cannot wear most types of armour.
You are very stealthy in the water. (Stealth+)
You are amphibious.
You can wear up to eight rings at the same time.
You can use your tentacles to constrict eight enemies at once.
Your skin changes colour to match your surroundings (Stealth+).
Your rubbery body absorbs attacks. (AC +1, EV +1)


Message History

Erica barely misses you.
Casting: Sting (safe; 1% risk of failure)
Confirm with . or Enter, or press ? or * to list all spells.
Aiming: Sting (safe; 1% risk of failure)
Press: ? - help, Shift-Dir - straight line, f/p - Erica
Aim: Erica, wielding a +0 scimitar of flaming and wearing a +2 robe of magic resistance (moderately wounded, poisoned)
You feel a surge of power!
The sting hits Erica.
Erica looks even sicker.
Erica is heavily wounded.
Casting: Sting (safe; 1% risk of failure)
Confirm with . or Enter, or press ? or * to list all spells.
You feel a surge of power!
You ignite the poison in your surroundings!
Erica seems to burn from within!!
Erica is almost dead.
Erica gestures at you while chanting. The lance of force hits you!
* * * LOW HITPOINT WARNING * * *
You are knocked back by the lance of force.
You slam into the rock wall!
You die...

###+#....[.........#
#..................#
##..................#
#.......''..........+
#.......##.........<#
#.....####..........#
#.....# #...@......#
#.....# #...<...>..#
#.....# #...@......#
#.....# ############
#.....# #.....#
#.....# #.....#
#.....# #.....#
#######


You could see Erica.

Vanquished Creatures
  Prince Ribbit (D:7)
  A hippogriff (D:7)
  A yak (D:7)
  3 hogs (D:7)
  A human (D:7)
  Duvessa (D:7)
  5 ogres
  A centaur (D:3)
  A big kobold (D:7)
  5 bullfrogs
  Dowan (D:7)
  2 killer bees
  A scorpion (D:5)
  A hound (D:7)
  A gnoll shaman (D:6)
  2 jellies
  A bullfrog skeleton (D:5)
  3 orc wizards
  An iguana (D:7)
  Jessica (D:3)
  7 worker ants
  A hound skeleton (D:7)
  A howler monkey skeleton (D:4)
  12 adders
  4 gnolls (D:6)
  A shadow imp (D:6)
  An adder skeleton (D:4)
  3 worms
  3 leopard geckos (D:1)
  10 orcs
  2 ball pythons
  6 giant cockroaches
  9 goblins
  7 hobgoblins
  9 jackals
  10 kobolds
  3 quokkas
  7 bats
  7 frilled lizards
  A giant cockroach zombie (D:5)
  A quokka skeleton (D:7)
  5 rats
144 creatures vanquished.

Notes
Turn   | Place    | Note
-------+----------+-------------------------------------------
     0 | D:1      | eeldvark the Octopode Venom Mage began the quest for the
                  | Orb.
     0 | D:1      | Reached XP level 1. HP: 11/11 MP: 3/3
   504 | D:1      | Reached XP level 2. HP: 9/17 MP: 5/5
   671 | D:1      | Learned a level 2 spell: Poisonous Vapours
  1141 | D:1      | Reached XP level 3. HP: 18/21 MP: 4/6
  1479 | D:2      | Learned a level 3 spell: Ignite Poison
  1493 | D:2      | Noticed Sigmund
  1625 | D:2      | Reached skill level 1 in Air Magic
  1625 | D:2      | Reached XP level 4. HP: 27/27 MP: 3/7
  2222 | D:3      | Noticed a centaur
  2798 | D:3      | Noticed Jessica
  2803 | D:3      | Killed Jessica
  2803 | D:3      | Reached XP level 5. HP: 24/31 MP: 8/8
  2869 | D:3      | HP: 1/46 [centaur/arrow (7)]
  2870 | D:3      | Killed a centaur
  2870 | D:3      | Reached skill level 1 in Fire Magic
  3198 | D:4      | Reached XP level 6. HP: 36/36 MP: 10/10
  3409 | D:4      | Reached XP level 7. HP: 26/41 MP: 11/11
  3644 | D:4      | Reached skill level 1 in Short Blades
  3724 | D:5      | Entered Level 5 of the Dungeon
  3859 | D:5      | Learned a level 3 spell: Mephitic Cloud
  4010 | D:5      | Reached skill level 1 in Conjurations
  4010 | D:5      | Reached skill level 5 in Poison Magic
  4637 | D:6      | Got a dazzling quarterstaff
  4638 | D:6      | Identified the +6 quarterstaff "Deaf" {holy, rElec} (You
                  | found it on level 6 of the Dungeon)
  4762 | D:6      | Reached skill level 5 in Stealth
  4764 | D:6      | Reached XP level 8. HP: 46/46 MP: 12/12
  4982 | D:6      | Reached skill level 1 in Staves
  5407 | D:7      | Found a hazy altar of Hepliaklqana.
  5410 | D:7      | Found a blossoming altar of Fedhas.
  5428 | D:7      | Found a shattered altar of Ashenzari.
  5429 | D:7      | Found an ancient bone altar of Kikubaaqudgha.
  5429 | D:7      | Found an ornate altar of the Wu Jian Council.
  5429 | D:7      | Found a glowing silver altar of Zin.
  5429 | D:7      | Found a radiant altar of Vehumet.
  5430 | D:7      | Found a sparkling altar of Nemelex Xobeh.
  5431 | D:7      | Found a burning altar of Makhleb.
  5432 | D:7      | Found a sacrificial altar of Ru.
  5433 | D:7      | Found a bloodstained altar of Trog.
  5434 | D:7      | Found an iron altar of Okawaru.
  5568 | D:7      | Found a staircase to the Ecumenical Temple.
  5572 | D:7      | Noticed a hippogriff
  5574 | D:7      | Noticed Prince Ribbit
  5792 | D:7      | Noticed Duvessa
  5824 | D:7      | Noticed Dowan
  5832 | D:7      | Killed Duvessa
  5832 | D:7      | Reached XP level 9. HP: 40/51 MP: 13/13
  5837 | D:7      | Killed Dowan
  6099 | D:7      | Killed Prince Ribbit
  6389 | Temple   | Entered the Ecumenical Temple
  6413 | Temple   | Became a worshipper of Sif Muna the Loreminder
  6665 | D:7      | Found a sacrificial altar of Ru.
  6731 | D:7      | Reached skill level 5 in Dodging
  7407 | D:8      | Noticed Erica
  7721 | D:8      | HP: 1/51 [Erica/lance of force (17)]
  7721 | D:8      | Collided with a rock wall

Illustrated notes

Levels and vault maps discovered:
D:1:      heliophobic_arrival_glass_houses, layout_basic, serial_curves,
          eino_curves_04, eino_curves_01
D:2:      layout_loops_cross, uniq_sigmund
D:3:      layout_basic, moated_statue, uniq_jessica
D:4:      layout_gridville, first_ration
D:5:      layout_basic
D:6:      layout_loops_corners
D:7:      layout_loops_ring, minitemple, minmay_temple_entry_waves,
          grunt_livestock, nicolae_ru_great_annihilating_truth, uniq_duvessa,
          uniq_prince_ribbit1
D:8:      layout_basic, cheibriados_altar_1, uniq_erica
Temple:   cyrus_temple_forest

Skill      XL: |  1  2  3  4  5  6  7  8  9 |
---------------+----------------------------+-----
Stealth        | 3 4 5 7 |  7.6
Poison Magic   | 4 5 7 |  7.0
Air Magic      | 1 2 3 4 |  4.0
Transmutations | 2 3 4 |  4.0
Dodging        | 3 4 5 |  5.5
Fire Magic     | 1 2 3 4 |  4.0
Short Blades   | 1 |  1.5
Spellcasting   | 3 |  3.0
Conjurations   | 1 3 4 |  4.0
Staves         | 1 3 |  3.9

Action                   |  1- 3 |  4- 6 |  7- 9 || total
-------------------------+-------+-------+-------++-------
Melee: Unarmed           |    45 |    34 |       ||    79
       Constrict         |    13 |    11 |    24 ||    48
       Tentacles         |     8 |     7 |    17 ||    32
       Dagger            |       |     8 |    34 ||    42
       Quarterstaff      |       |       |    91 ||    91
 Cast: Sting             |    15 |    33 |   100 ||   148
       Poisonous Vapours |     9 |    19 |    30 ||    58
       Ignite Poison     |       |     1 |     3 ||     4
       Mephitic Cloud    |       |       |     6 ||     6
Evoke: Wand              |       |       |     1 ||     1
  Use: Scroll            |       |     6 |    11 ||    17
       Potion            |       |     2 |     7 ||     9
 Stab: Sleeping          |     8 |     2 |     6 ||    16
       Confused          |       |       |     5 ||     5
       Paralysed         |       |       |     1 ||     1
  Eat: Chunk             |     3 |     3 |     9 ||    15
       Ration            |       |     1 |     2 ||     3
Armor: Skin              |     4 |     4 |    17 ||    25
Dodge: Dodged            |    41 |    27 |   106 ||   174
